| TOP OF THE 1ST |
|
Norfolk Tides batting - Pitching for Rochester Red Wings : RHP Bill Rondeau
|
|
Pitching: RHP Bill Rondeau
|
|
|
Batting: LHB Hyoji Toda
|
0-0: Ball 1-0: Ball 2-0: Swinging Strike 2-1: Foul Ball, location: 2F 2-2: Ball 3-2: Foul Ball, location: 2F 3-2: Base on Balls
|
|
Batting: LHB Gabe Pace
|
0-0: Called Strike 0-1: Called Strike 0-2: Foul Ball, location: 2F 0-2: Fly out, F4 (Flyball, 3D, EV 88.8 MPH)
|
|
Batting: RHB Mario Saez
|
0-0: Ball 1-0: Swinging Strike 1-1: Ball 2-1: Ball 3-1: Swinging Strike 3-2: Foul Ball, location: 2F 3-2: Base on Balls Hyoji Toda to second
|
|
Batting: RHB Mike Hayward
|
0-0: Called Strike 0-1: Foul Ball, location: 2F 0-2: Ball 1-2: Strikes out swinging
|
|
Batting: LHB Josh Downs
|
0-0: Swinging Strike 0-1: Ball 1-1: Foul Ball, location: 2F 1-2: Foul Ball, location: 2F 1-2: Ball 2-2: Ball 3-2: Foul Ball, location: 2F 3-2: Base on Balls Hyoji Toda to third Mario Saez to second
|
|
Batting: RHB Tony Logan
|
0-0: Foul Ball, location: 2F 0-1: DOUBLE (Groundball, 5L, EV 101.9 MPH) Hyoji Toda scores Mario Saez scores Josh Downs to third Runner from 3rd tries for Home, SAFE, throw by LF to trailing runner, SAFE at third!
|
|
Batting: LHB Tom Edwards
|
0-0: Ball 1-0: SINGLE (Line Drive, 89S, EV 105.6 MPH) Tony Logan scores
|
|
Batting: SHB Brian Bentz
|
0-0: Ball 1-0: Foul Ball, location: 2F 1-1: Ball 2-1: Foul Ball, location: 2F 2-2: Fly out, F9 (Flyball, 89S, EV 86.3 MPH)
|
| Top of the 1st over - 4 runs, 2 hits, 0 errors, 1 left on base; Norfolk 4 - Rochester 0 |
| BOTTOM OF THE 1ST |
|
Rochester Red Wings batting - Pitching for Norfolk Tides : RHP Ben Knapp
|
|
Pitching: RHP Ben Knapp
|
|
|
Batting: RHB Michel Martineau
|
0-0: Foul Ball, location: 2F 0-1: Ground out 1-3 (Groundball, 34S, EV 70.6 MPH)
|
|
Batting: SHB David Myles
|
0-0: Called Strike 0-1: Fly out, F8 (Line Drive, 8LD, EV 102.5 MPH)
|
|
Batting: RHB Hildo Pot
|
0-0: Ball 1-0: Ball 2-0: Ball 3-0: Called Strike 3-1: Base on Balls
|
|
Batting: RHB Jimmy Buzard
|
0-0: Ball Hildo Pot steals 2nd base (no throw) 1-0: Swinging Strike 1-1: Ball 2-1: SINGLE (Groundball, 3D, EV 101.9 MPH) Hildo Pot to third Runner from 3rd tries for Home, SAFE, throw by RF to home
|
|
Batting: RHB Jesse Scott
|
0-0: Called Strike 0-1: Ball 1-1: Foul Ball, location: 2F 1-2: Foul Ball, location: 2F 1-2: Ball 2-2: SINGLE (Line Drive, 6M, EV 108.8 MPH) Jimmy Buzard to second
|
|
Batting: RHB Brett Steele
|
0-0: Ball 1-0: Called Strike 1-1: Called Strike Balk! Jimmy Buzard to third Jesse Scott to second 1-2: Ball 2-2: Ball Wild Pitch! Jimmy Buzard scores Jesse Scott to third 3-2: Base on Balls
|
|
Batting: RHB Aaron Trotman
|
0-0: Called Strike 0-1: SINGLE (Groundball, 56D, EV 101.3 MPH) Jesse Scott scores Brett Steele to second Runner from 2nd tries for 3rd, SAFE, throw by LF made to third Aaron Trotman to second
|
|
Batting: RHB Eric Narrow
|
0-0: Ball 1-0: Ball 2-0: Ball 3-0: Ground out 5-3 (Groundball, 5, EV 105.0 MPH)
|
| Bottom of the 1st over - 3 runs, 3 hits, 0 errors, 2 left on base; Norfolk 4 - Rochester 3 |
| TOP OF THE 2ND |
|
Norfolk Tides batting - Pitching for Rochester Red Wings : RHP Bill Rondeau
|
|
Batting: RHB Ricky Jimenez
|
0-0: Called Strike 0-1: Ground out 1-3 (Groundball, 13S, EV 65.0 MPH)
|
|
Batting: LHB Hyoji Toda
|
0-0: Ball 1-0: Ball 2-0: Ball 3-0: Base on Balls
|
|
Batting: LHB Gabe Pace
|
0-0: Ball 1-0: Ball 2-0: Ball 3-0: Called Strike 3-1: Base on Balls Hyoji Toda to second
|
|
Batting: RHB Mario Saez
|
0-0: Fly out, F8 (Flyball, 8LD, EV 100.6 MPH)
|
|
Batting: RHB Mike Hayward
|
0-0: Ball 1-0: Ball 2-0: Called Strike 2-1: Fly out, F8 (Flyball, 8LM, EV 88.8 MPH)
|
| Top of the 2nd over - 0 runs, 0 hits, 0 errors, 2 left on base; Norfolk 4 - Rochester 3 |
| BOTTOM OF THE 2ND |
|
Rochester Red Wings batting - Pitching for Norfolk Tides : RHP Ben Knapp
|
|
Batting: RHB Bobby Blanchard
|
0-0: Ball 1-0: Swinging Strike 1-1: Swinging Strike 1-2: Ground out 6-3 (Groundball, 6, EV 109.4 MPH)
|
|
Batting: RHB Michel Martineau
|
0-0: Foul Ball, location: 2F 0-1: Foul Ball, location: 2F 0-2: Ball 1-2: Ball 2-2: Foul Ball, location: 2F 2-2: Ball 3-2: Base on Balls
|
|
Batting: SHB David Myles
|
0-0: Ball 1-0: Ball 2-0: Foul Ball, location: 2F 2-1: Called Strike 2-2: Foul Ball, location: 2F 2-2: Foul Ball, location: 2F 2-2: Foul Ball, location: 2F 2-2: Strikes out looking
|
|
Batting: RHB Hildo Pot
|
0-0: Swinging Strike 0-1: Foul Ball, location: 2F 0-2: SINGLE (Line Drive, 4D, EV 100.0 MPH) Michel Martineau to second
|
|
Batting: RHB Jimmy Buzard
|
0-0: Ground out 4-3 (Groundball, 4, EV 83.8 MPH)
|
| Bottom of the 2nd over - 0 runs, 1 hit, 0 errors, 2 left on base; Norfolk 4 - Rochester 3 |
| TOP OF THE 3RD |
|
Norfolk Tides batting - Pitching for Rochester Red Wings : RHP Bill Rondeau
|
|
Batting: LHB Josh Downs
|
0-0: Swinging Strike 0-1: Foul Ball, location: 2F 0-2: Ball 1-2: Foul Ball, location: 2F 1-2: Foul Ball, location: 2F 1-2: Strikes out looking
|
|
Batting: RHB Tony Logan
|
0-0: Ball 1-0: Called Strike 1-1: Ball 2-1: Foul Ball, location: 2F 2-2: Ball 3-2: Strikes out swinging
|
|
Batting: LHB Tom Edwards
|
0-0: Called Strike 0-1: Ball 1-1: Ground out 4-3 (Groundball, 34D, EV 102.5 MPH)
|
| Top of the 3rd over - 0 runs, 0 hits, 0 errors, 0 left on base; Norfolk 4 - Rochester 3 |
| BOTTOM OF THE 3RD |
|
Rochester Red Wings batting - Pitching for Norfolk Tides : RHP Ben Knapp
|
|
Batting: RHB Jesse Scott
|
0-0: Ball 1-0: Ball 2-0: Called Strike 2-1: SINGLE (Groundball, 4MS, EV 73.1 MPH) (infield hit)
|
|
Batting: RHB Brett Steele
|
0-0: Called Strike 0-1: Called Strike 0-2: Ball 1-2: Foul Ball, location: 2F 1-2: Ball Jesse Scott steals 2nd base (no throw) 2-2: Ground out U3 (Groundball, 34, EV 89.4 MPH) Jesse Scott to third
|
|
Batting: RHB Aaron Trotman
|
0-0: Called Strike 0-1: Called Strike 0-2: Ball 1-2: Reached on error, E6 (Groundball, 6, EV 86.9 MPH) Jesse Scott scores
|
|
Batting: RHB Eric Narrow
|
0-0: Ball 1-0: Ball 2-0: Ball 3-0: Base on Balls Aaron Trotman to second
|
|
Batting: RHB Bobby Blanchard
|
0-0: Called Strike 0-1: Foul Ball, location: 2F 0-2: Ball 1-2: SINGLE (Groundball, 34D, EV 95.0 MPH) Aaron Trotman to third Eric Narrow to second Runner from 3rd tries for Home, SAFE, throw by RF to home
|
|
Batting: RHB Michel Martineau
|
0-0: Called Strike 0-1: Called Strike 0-2: Ball 1-2: SINGLE (Groundball, 34D, EV 102.5 MPH) Eric Narrow to third Bobby Blanchard to second Runner from 3rd tries for Home, SAFE, throw by RF to home
|
|
Pitching: LHP Kyohei Koyama
|
|
|
Batting: SHB David Myles
|
0-0: DOUBLE (Flyball, 8RD, EV 91.3 MPH) Bobby Blanchard scores Michel Martineau to third
|
|
Batting: RHB Hildo Pot
|
0-0: Ball 1-0: Called Strike 1-1: Fly out, F4 (Line Drive, 4, EV 68.1 MPH)
|
|
Batting: RHB Jimmy Buzard
|
0-0: Foul Ball, location: 2F 0-1: Ball 1-1: Fly out, F8 (Flyball, 8LS, EV 84.4 MPH)
|
| Bottom of the 3rd over - 4 runs, 4 hits, 1 error, 2 left on base; Norfolk 4 - Rochester 7 |
| TOP OF THE 4TH |
|
Norfolk Tides batting - Pitching for Rochester Red Wings : RHP Bill Rondeau
|
|
Batting: SHB Brian Bentz
|
0-0: Called Strike 0-1: Called Strike 0-2: Ball 1-2: Strikes out swinging
|
|
Batting: RHB Ricky Jimenez
|
0-0: Called Strike 0-1: Ground out 5-3 (Groundball, 56, EV 98.8 MPH)
|
|
Batting: LHB Hyoji Toda
|
0-0: Called Strike 0-1: Ball 1-1: Swinging Strike 1-2: Foul Ball, location: 2F 1-2: Ball 2-2: SINGLE (Groundball, 34D, EV 92.5 MPH) (infield hit)
|
|
Batting: LHB Gabe Pace
|
0-0: Ball 1-0: Called Strike 1-1: Foul Ball, location: 2F 1-2: Foul Ball, location: 2F 1-2: Fly out, F6 (Popup, 6, EV 71.9 MPH)
|
| Top of the 4th over - 0 runs, 1 hit, 0 errors, 1 left on base; Norfolk 4 - Rochester 7 |
| BOTTOM OF THE 4TH |
|
Rochester Red Wings batting - Pitching for Norfolk Tides : LHP Kyohei Koyama
|
|
Batting: RHB Jesse Scott
|
0-0: Called Strike 0-1: Swinging Strike 0-2: Ball 1-2: Ball 2-2: Strikes out looking
|
|
Batting: RHB Brett Steele
|
0-0: Called Strike 0-1: Ground out 5-3 (Groundball, 25, EV 62.5 MPH)
|
|
Batting: RHB Aaron Trotman
|
0-0: SINGLE (Line Drive, 7S, EV 106.9 MPH)
|
|
Batting: RHB Eric Narrow
|
0-0: Ball 1-0: DOUBLE (Line Drive, 9LS, EV 111.3 MPH) Aaron Trotman to third Runner from 3rd tries for Home, throw by RF and OUT! 9-4-2
|
| Bottom of the 4th over - 0 runs, 2 hits, 0 errors, 1 left on base; Norfolk 4 - Rochester 7 |
| TOP OF THE 5TH |
|
Norfolk Tides batting - Pitching for Rochester Red Wings : RHP Bill Rondeau
|
|
Batting: RHB Mario Saez
|
0-0: Swinging Strike 0-1: SINGLE (Flyball, 3D, EV 88.1 MPH)
|
|
Batting: RHB Mike Hayward
|
0-0: Ball 1-0: Called Strike 1-1: Fly out, F8 (Line Drive, 8LD, EV 85.0 MPH)
|
|
Batting: LHB Josh Downs
|
0-0: Ball 1-0: Foul Ball, location: 2F 1-1: Foul Ball, location: 2F 1-2: Strikes out swinging
|
|
Pitching: LHP Angel Vidaurri
|
|
|
Batting: RHB Tony Logan
|
0-0: Called Strike 0-1: SINGLE (Line Drive, 6M, EV 98.8 MPH) Mario Saez to second Runner from 2nd tries for 3rd, SAFE, throw by CF made to third
|
|
Batting: LHB Tom Edwards
|
0-0: Ball 1-0: Ball 2-0: Fly out, F9 (Flyball, 9D, EV 86.9 MPH)
|
| Top of the 5th over - 0 runs, 2 hits, 0 errors, 2 left on base; Norfolk 4 - Rochester 7 |
| BOTTOM OF THE 5TH |
|
Rochester Red Wings batting - Pitching for Norfolk Tides : LHP Kyohei Koyama
|
|
Batting: RHB Bobby Blanchard
|
0-0: Foul Ball, location: 2F 0-1: Ball 1-1: Swinging Strike 1-2: Strikes out looking
|
|
Batting: RHB Michel Martineau
|
0-0: Ball 1-0: Ball 2-0: Ball 3-0: Called Strike 3-1: Base on Balls
|
|
Batting: SHB David Myles
|
0-0: Called Strike 0-1: Foul Ball, location: 2F 0-2: Fielders Choice at 2nd, 6-4 (Groundball, 6, EV 90.0 MPH)
|
|
Batting: RHB Hildo Pot
|
0-0: Ball 1-0: Ball David Myles is caught stealing 2nd base 2-4
|
| Bottom of the 5th over - 0 runs, 0 hits, 0 errors, 0 left on base; Norfolk 4 - Rochester 7 |
| TOP OF THE 6TH |
|
Norfolk Tides batting - Pitching for Rochester Red Wings : LHP Angel Vidaurri
|
|
Batting: SHB Brian Bentz
|
0-0: Ball 1-0: Called Strike 1-1: Ball 2-1: Foul Ball, location: 2F 2-2: Ground out 6-3 (Groundball, 6, EV 90.6 MPH)
|
|
Batting: RHB Ricky Jimenez
|
0-0: Ball 1-0: Called Strike 1-1: Ball 2-1: Swinging Strike 2-2: Strikes out looking
|
|
Batting: LHB Hyoji Toda
|
0-0: Ball 1-0: Called Strike 1-1: Ball 2-1: Foul Ball, location: 2F 2-2: Foul Ball, location: 2F 2-2: Ground out 1-4-3 (Groundball, 15S, EV 108.8 MPH)
|
| Top of the 6th over - 0 runs, 0 hits, 0 errors, 0 left on base; Norfolk 4 - Rochester 7 |
| BOTTOM OF THE 6TH |
|
Rochester Red Wings batting - Pitching for Norfolk Tides : LHP Kyohei Koyama
|
|
Batting: RHB Hildo Pot
|
0-0: Ball 1-0: SINGLE (Groundball, 6MD, EV 100.0 MPH)
|
|
Batting: RHB Jimmy Buzard
|
0-0: Ball 1-0: Ball 2-0: Ground out 5-3 (Groundball, 56S, EV 73.1 MPH) Hildo Pot to second
|
|
Batting: RHB Jesse Scott
|
0-0: Intentional Walk
|
|
Batting: RHB Brett Steele
|
0-0: Called Strike 0-1: Ball 1-1: Fielders Choice at 2nd, 2-6 (Groundball, 2R, EV 68.8 MPH) Hildo Pot to third
|
|
Batting: RHB Aaron Trotman
|
0-0: Ball 1-0: Called Strike 1-1: Called Strike 1-2: Strikes out swinging
|
| Bottom of the 6th over - 0 runs, 1 hit, 0 errors, 2 left on base; Norfolk 4 - Rochester 7 |
| TOP OF THE 7TH |
|
Norfolk Tides batting - Pitching for Rochester Red Wings : LHP Angel Vidaurri
|
|
Batting: LHB Gabe Pace
|
0-0: Ball 1-0: Ball 2-0: Foul Ball, location: 2F 2-1: Ball 3-1: Foul Ball, location: 2F 3-2: Strikes out swinging
|
|
Batting: RHB Mario Saez
|
0-0: Ball 1-0: Ball 2-0: Ball 3-0: Base on Balls
|
|
Batting: RHB Mike Hayward
|
0-0: DOUBLE (Flyball, 89D, EV 103.1 MPH) Mario Saez to third Runner from 3rd tries for Home, throw by CF and OUT! 8-4-2 Mike Hayward to third
|
|
Batting: LHB Josh Downs
|
0-0: Ball 1-0: Ball 2-0: Foul Ball, location: 2F 2-1: Called Strike 2-2: Ball 3-2: Fly out, F8 (Flyball, 8LXD, EV 90.0 MPH)
|
| Top of the 7th over - 0 runs, 1 hit, 0 errors, 1 left on base; Norfolk 4 - Rochester 7 |
| BOTTOM OF THE 7TH |
|
Rochester Red Wings batting - Pitching for Norfolk Tides : LHP Kyohei Koyama
|
|
Pitching: RHP Dustin Wein
|
|
|
Batting: RHB Eric Narrow
|
0-0: Ball 1-0: Ground out 4-3 (Groundball, 4, EV 81.9 MPH)
|
|
Batting: RHB Bobby Blanchard
|
0-0: SOLO HOME RUN (Flyball, 78XD, EV 99.4 MPH), Distance : 392 ft
|
|
Batting: RHB Michel Martineau
|
0-0: Ball 1-0: Called Strike 1-1: Ground out 6-3 (Groundball, 6, EV 81.3 MPH)
|
|
Batting: SHB David Myles
|
0-0: Called Strike 0-1: Ball 1-1: Ball 2-1: Foul Ball, location: 2F 2-2: Ground out 4-3 (Groundball, 4, EV 85.6 MPH)
|
| Bottom of the 7th over - 1 run, 1 hit, 0 errors, 0 left on base; Norfolk 4 - Rochester 8 |
| TOP OF THE 8TH |
|
Norfolk Tides batting - Pitching for Rochester Red Wings : LHP Angel Vidaurri
|
|
Pitching: RHP Isidro Aguirre
|
|
|
Batting: RHB Tony Logan
|
0-0: Ball 1-0: Called Strike 1-1: Foul Ball, location: 2F 1-2: Ball 2-2: Hit by Pitch
|
|
Batting: LHB Tom Edwards
|
0-0: Called Strike 0-1: Ball 1-1: Swinging Strike 1-2: DOUBLE (Line Drive, 7LM, EV 103.8 MPH) Tony Logan to third
|
|
Batting: SHB Brian Bentz
|
0-0: Foul Ball, location: 2F 0-1: Swinging Strike 0-2: Strikes out looking
|
|
Batting: RHB Ricky Jimenez
|
0-0: Called Strike 0-1: Ball 1-1: Called Strike 1-2: Foul Ball, location: 2F 1-2: Foul Ball, location: 2F 1-2: Strikes out swinging
|
|
Batting: LHB Hyoji Toda
|
0-0: Called Strike 0-1: Ball 1-1: Swinging Strike 1-2: Foul Ball, location: 2F 1-2: Strikes out swinging
|
| Top of the 8th over - 0 runs, 1 hit, 0 errors, 2 left on base; Norfolk 4 - Rochester 8 |
| BOTTOM OF THE 8TH |
|
Rochester Red Wings batting - Pitching for Norfolk Tides : RHP Dustin Wein
|
|
Batting: RHB Hildo Pot
|
0-0: Swinging Strike 0-1: Called Strike 0-2: Fly out, F8 (Line Drive, 8RD, EV 98.1 MPH)
|
|
Batting: RHB Jimmy Buzard
|
0-0: Swinging Strike 0-1: Ground out 4-3 (Groundball, 4, EV 83.1 MPH)
|
|
Batting: RHB Jesse Scott
|
0-0: Called Strike 0-1: Foul Ball, location: 2F 0-2: Ball 1-2: Foul Ball, location: 2F 1-2: Ball 2-2: Foul Ball, location: 2F 2-2: Fly out, F7 (Flyball, 78S, EV 84.4 MPH)
|
| Bottom of the 8th over - 0 runs, 0 hits, 0 errors, 0 left on base; Norfolk 4 - Rochester 8 |
| TOP OF THE 9TH |
|
Norfolk Tides batting - Pitching for Rochester Red Wings : RHP Isidro Aguirre
|
|
Pitching: LHP Frank Whitemore
|
|
|
Batting: LHB Gabe Pace
|
0-0: SINGLE (Groundball, 6, EV 93.8 MPH)
|
|
Batting: RHB Mario Saez
|
0-0: Called Strike 0-1: Swinging Strike 0-2: Ball 1-2: Foul Ball, location: 2F 1-2: Foul Ball, location: 2F 1-2: Strikes out swinging
|
|
Batting: RHB Mike Hayward
|
0-0: Swinging Strike 0-1: Foul Ball, location: 2F 0-2: Ball 1-2: Ball 2-2: Foul Ball, location: 2F 2-2: Foul Ball, location: 2F 2-2: TRIPLE (Flyball, 89XD, EV 109.4 MPH) Gabe Pace scores
|
|
Batting: LHB Josh Downs
|
0-0: Ball 1-0: Ball 2-0: Ball 3-0: Called Strike 3-1: Base on Balls
|
|
Batting: RHB Tony Logan
|
0-0: Called Strike 0-1: Swinging Strike 0-2: Ball 1-2: Strikes out looking
|
|
Pinch Hitting: RHB Ashton Holloway
|
0-0: Called Strike 0-1: Swinging Strike 0-2: Ball 1-2: Strikes out swinging
|
| Top of the 9th over - 1 run, 2 hits, 0 errors, 2 left on base; Norfolk 5 - Rochester 8 |
|